 Dungeon Crawl Stone Soup version 0.28.0 (webtiles) character file.

Game seed: 6990615408447906665

18895 porkupine the Frost Mage (level 12, -7/93 HPs)
             Began as a Yellow Draconian Wanderer on Feb 19, 2022.
             Was the Champion of Okawaru.
             Mangled by an orc warrior (21 damage)
             ... led by an orc warlord
             ... on level 1 of the Orcish Mines.
             The game lasted 01:10:53 (18765 turns).

porkupine the Frost Mage (DrWn)                    Turns: 18765, Time: 01:10:54

Health: -7/93      AC: 13    Str: 11    XL:     12   Next: 31%
Magic:  14/42      EV: 12    Int: 26    God:    Okawaru [******]
Gold:   305        SH: 11    Dex: 15    Spells: 15/28 levels left

rFire   + + +      SeeInvis .   y - staff of cold
rCold   . . .      Faith    .   P - +0 buckler of Omown {MP+9 Int+3}
rNeg    . . .      Spirit   .   (armour unavailable)
rPois   .          Reflect  +   V - +2 hat
rElec   +          Harm     .   W - scarf {repulsion}
rCorr   +          Rampage  .   B - +0 pair of gloves
Will    .....                   K - +1 pair of boots "Myb Sati" {rElec rF+++ rC- Stlth-}
Stlth   +.........              A - amulet of reflection
HPRegen 0.25/turn               c - +6 ring of intelligence
MPRegen 0.28/turn               m - ring of magical power

@: studying Necromancy, repel missiles
A: spit acid, AC +8, unfitting armour, cold-blooded, acid resistance
a: Breathe Acid, Renounce Religion, Heroism, Finesse, Duel


You were on level 1 of the Orcish Mines.
You worshipped Okawaru.
Okawaru was exalted by your worship.
You visited 2 branches of the dungeon, and saw 14 of its levels.
You also visited: Bailey.

You collected 708 gold pieces.
You spent 403 gold pieces at shops.

Inventory:

Hand Weapons
 a - a +0 dagger of freezing
 i - a +2 whip of freezing
 q - a +2 antimagic short sword
 v - a +2 dagger of venom
 E - a +4 dagger of protection
 I - a +5 great sword of freezing
Missiles
 b - 6 throwing nets (quivered)
 u - 3 boomerangs
 w - 16 poisoned darts
 F - 6 javelins
 J - 3 datura-tipped darts
 N - 6 curare-tipped darts
 T - 2 silver javelins
Armour
 B - a +0 pair of gloves (worn)
 K - the +1 pair of boots "Myb Sati" (worn) {rElec rF+++ rC- Stlth-}
   (Okawaru gifted it to you in a bailey)

   rF:        It renders you almost immune to fire.
   rC:        It makes you vulnerable to cold.
   rElec:     It insulates you from electricity.
   Stlth:     It makes you less stealthy.
 P - the +0 buckler of Omown (worn) {MP+9 Int+3}
   (You bought it in a shop on level 3 of the Dungeon)

   Int:       It affects your intelligence (+3).
   MP:        It affects your magic capacity (+9).
 V - a +2 hat (worn)
 W - a scarf of repulsion (worn)
Magical Staves
 y - a staff of cold (weapon)
Jewellery
 c - a +6 ring of intelligence (left hand)
 k - a +6 ring of dexterity
 m - a ring of magical power (right hand)
 A - an amulet of reflection (around neck)
 C - a ring of fire
Wands
 p - a wand of paralysis (4)
 Q - a wand of iceblast (2)
Scrolls
 l - 2 scrolls of amnesia
 o - 2 scrolls of magic mapping
 r - 4 scrolls of teleportation
 x - a scroll of fear
 H - a scroll of fog
 R - a scroll of silence
 S - a scroll of identify
Potions
 e - 2 potions of curing
 f - 4 potions of mutation
 g - 3 potions of might
 h - 2 potions of flight
 j - 3 potions of brilliance
 n - 4 potions of magic
 z - 3 potions of lignification
 D - 2 potions of attraction
 G - 2 potions of heal wounds
 L - 3 potions of haste
 M - a potion of invisibility
 U - 2 potions of berserk rage
Miscellaneous
 t - a condenser vane
 O - a piece from Xom's chessboard (15/15)


   Skills:
 * Level 4.9 Fighting
 * Level 3.4 Staves
 - Level 2.0 Dodging
 - Level 1.0 Stealth
 + Level 7.4 Shields
 + Level 8.7 Spellcasting
 + Level 7.6 Conjurations
 + Level 8.3 Necromancy
 + Level 1.6 Fire Magic
 + Level 9.4 Ice Magic
 + Level 7.6 Air Magic
 + Level 2.6 Invocations
 + Level 2.8 Evocations


You had 15 spell levels left.
You knew the following spells:

 Your Spells              Type           Power      Damage    Failure   Level
a - Freeze                Ice            100%       1d11      1%          1
b - Frozen Ramparts       Ice            100%       1d12      1%          3
c - Freezing Cloud        Conj/Ice/Air   34%        6-21      6%          5
d - Flame Wave            Conj/Fire      35%        2d8       10%         4

Your spell library contained the following spells:

 Spells                   Type           Power      Damage    Failure   Level
 Foxfire                  Conj/Fire      100%       2x1d9     1%          1
 Corpse Rot               Necr/Air       100%       N/A       1%          2
 Poisonous Vapours        Pois/Air       62%        N/A       1%          2
 Mephitic Cloud           Conj/Pois/Air  37%        N/A       2%          3
 Conjure Flame            Conj/Fire      35%        6-21      3%          3
 Inner Flame              Hex/Fire       15%        N/A       14%         3
 Ignite Poison            Fire/Tmut/Pois 14%        N/A       16%         3
 Borgnjor's Vile Clutch   Necr/Erth      16%        N/A       32%         5
 Cause Fear               Hex            5%         N/A       54%         4
 Alistair's Intoxication  Tmut/Pois      7%         N/A       87%         5
 Eringya's Noxious Bog    Tmut/Pois      5%         N/A       100%        6
 Dragon Form              Tmut           5%         N/A       100%        7
 Dragon's Call            Summ           Unusable   N/A       N/A         9

Dungeon Overview and Level Annotations

Branches:
Dungeon (13/15)            Temple (0/1) D:4            Lair (0/6) D:10
    Orc (1/2) D:11         Bailey (visited)
 Vaults: D:13-14

Altars:
Cheibriados
Dithmenos
Kikubaaqudgha
Nemelex Xobeh
Okawaru
Qazlal
Sif Muna
Trog
Vehumet
Zin
The Shining One

Shops:
D:3 (**[   D:4 (   D:5 [   D:9 [

Annotations:
D:5 exclusion: downstairs


Innate Abilities, Weirdness & Mutations

You can spit globs of acid.
Your golden yellow scales are hard. (AC +8)
You cannot fit into any form of body armour.
You are cold-blooded and may be slowed by cold attacks.
You are resistant to acid. (rCorr)


Message History

You hear a sizzling sound!
You block the orc warrior's attack.
The orc warrior hits you with a +0 flail!
The orc is engulfed in freezing vapours.
You kill the orc!
Okawaru accepts your kill. You block the ogre's attack.
A wave of flame ripples out!
The flame wave engulfs the orc warrior!
You kill the orc warrior!
Okawaru accepts your kill.
The flame wave engulfs the ogre!
The ogre is heavily wounded.
The flame wave engulfs the orc priest!
You kill the orc priest!
Okawaru accepts your kill.
The flame wave engulfs the orc warrior!
The orc warrior is almost dead.
The flame wave engulfs the orc warlord.
The orc warlord is lightly wounded.
The flame wave engulfs the orc!
You kill the orc!
Okawaru accepts your kill.
The flame wave engulfs something.
You hear a sizzling sound! x4
You finish channelling waves of flame.
You hear a shout!
The orc warlord hits you from afar with a +2 bardiche!!
The orc warrior hits you with a +0 flail!!
* * * LOW HITPOINT WARNING * * *
The orc warlord barely misses you. The ogre hits you but does no damage.
You block something's attack.
Deactivating autopickup; reactivate with Ctrl-A.
There is a staircase back to the Dungeon here.
Things that are here:
a +1 dire flail of protection; a +0 plate armour The orc warlord hits you with a +2 bardiche!
* * * LOW HITPOINT WARNING * * *
Something hits you but does no damage. You block the ogre's attack.
The orc warrior hits you with a +0 flail!!
You die...

...............
...#............
#...............$.#
...#.§......$.......
......§§..$.........
.....§))o...........
#....§.)oo...........
#.#..#.@>)...........
##...o)O.)...........
#......)#)...........
##.#.....)....#....#
##...........$....#
##..§§.).)).....#
##...○§...#..$.#.#
#.$.......)#.##...#
#.......))).#....#.


You could see an orc warlord, an orc warrior (strong), an ogre, an orc priest
(strong) and an orc (strong).

Vanquished Creatures
  Gastronok (D:11)
  2 hydras
  3 two-headed ogres
  A tengu warrior (D:12)
  Nergalle (D:11)
  Pikel (D:9)
  An ugly thing (D:11)
  3 manticores
  A cyclops (D:11)
  2 gargoyles
  A komodo dragon (D:12)
  An unseen horror (D:12)
  Psyche (D:9)
  A troll (D:10)
  4 slime creatures (D:8)
  6 yaks (D:10)
  3 vampires
  A shadow (D:11)
  3 wraiths
  A basilisk (D:10)
  2 wyverns
  2 steam dragons
  3 acid dragons
  2 wargs
  7 water moccasins
  8 orc warriors
  3 ice beasts (D:6)
  6 ogres
  A phantom (D:5)
  5 centaurs
  3 lemures (D:9)
  A kobold brigand (D:9)
  Blork the orc (D:6)
  2 bullfrogs (D:7)
  2 scorpions
  A wyvern zombie (D:7)
  A water moccasin zombie (D:6)
  A water moccasin skeleton (D:4)
  10 killer bees
  4 wights (D:8)
  8 vampire bats (Bailey)
  9 wolf zombies (Bailey)
  4 howler monkeys
  A centaur zombie (D:9)
  A jelly (D:5)
  11 orc priests
  A gnoll shaman (D:9)
  A centaur skeleton (D:7)
  A bullfrog skeleton (D:6)
  2 iguanas
  Natasha (twice) (D:2)
  10 orc wizards
  A hound skeleton (D:5)
  A mummy (D:7)
  8 gnolls
  An adder (D:3)
  A white imp (D:7)
  2 worms
  5 dart slugs
  54 orcs
  8 ball pythons
  5 endoplasms
  2 giant cockroaches
  24 goblins
  13 hobgoblins
  5 jackals
  7 quokkas
  2 bats
  3 frilled lizards
  15 kobolds
  18 orc zombies (Bailey)
  4 rats
333 creatures vanquished.

Vanquished Creatures (others)
  A kobold brigand (D:10)
  2 orcs (D:6)
  A fungus (D:10)
  6 plants (D:10)
10 creatures vanquished.

Grand Total: 343 creatures vanquished

Notes
Turn   | Place    | Note
-------+----------+-------------------------------------------
     0 | D:1      | porkupine the Draconian Wanderer began the quest for the
                  | Orb.
     0 | D:1      | porkupine set off with the following items: a +0 dagger, 4
                  | throwing nets, a +0 buckler, a +0 cloak; and the following
                  | spell memorised: Freeze; and the following spells available
                  | to memorise: Frozen Ramparts
     0 | D:1      | Reached XP level 1. HP: 16/16 MP: 3/3
   557 | D:1      | Found a faded altar of an unknown god.
   560 | D:1      | Reached XP level 2. HP: 23/23 MP: 1/5
   613 | D:1      | Prayed at the altar of an unknown god.
   613 | D:1      | Became a worshipper of Warmaster Okawaru
   613 | D:1      | Reached * piety under Okawaru
  1059 | D:1      | Reached XP level 3. HP: 26/29 MP: 0/6
  1063 | D:1      | Learned a level 3 spell: Frozen Ramparts
  1690 | D:2      | Noticed Natasha
  1839 | D:2      | Killed Natasha
  1999 | D:2      | Reached XP level 4. HP: 37/37 MP: 8/8
  2003 | D:2      | Reached skill level 3 in Ice Magic
  2298 | D:2      | Noticed Natasha
  2306 | D:2      | Killed Natasha
  2548 | D:3      | Found Zeodgh's Antique Weapon Shoppe.
  2548 | D:3      | Found Fext's Assorted Antiques.
  2615 | D:3      | Found Hyinegam's General Store.
  2690 | D:3      | Reached XP level 5. HP: 17/42 MP: 10/10
  2932 | D:3      | Found a stormy altar of Qazlal.
  2998 | D:3      | Found a shimmering blue altar of Sif Muna.
  3067 | D:3      | Found a glowing golden altar of the Shining One.
  3110 | D:3      | Found Ceoblos's Armour Shoppe.
  3188 | D:3      | Found a bloodstained altar of Trog.
  3552 | D:4      | Reached skill level 4 in Ice Magic
  3911 | D:4      | Found Qideat's Weapon Boutique.
  4092 | D:4      | Found a staircase to the Ecumenical Temple.
  4508 | D:4      | Reached ** piety under Okawaru
  4509 | D:4      | Reached XP level 6. HP: 19/50 MP: 12/12
  5239 | D:5      | Entered Level 5 of the Dungeon
  5292 | D:5      | Reached skill level 5 in Ice Magic
  5298 | D:5      | Learned a level 5 spell: Freezing Cloud
  5421 | D:5      | Your scales start taking on a golden yellow colour.
  5421 | D:5      | Reached XP level 7. HP: 52/56 MP: 14/14
  5421 | D:5      | Gained mutation: You are resistant to acid. (rCorr) [Yellow
                  | Draconian growth]
  5484 | D:5      | Reached skill level 5 in Spellcasting
  5484 | D:5      | Reached skill level 1 in Conjurations
  5484 | D:5      | Reached skill level 1 in Air Magic
  5488 | D:5      | Reached *** piety under Okawaru
  5726 | D:5      | Found Fauq's Armour Shoppe.
  5893 | D:5      | Found a glowing silver altar of Zin.
  5930 | D:5      | Found an iron altar of Okawaru.
  5938 | D:5      | Found an ancient bone altar of Kikubaaqudgha.
  6217 | D:5      | Reached skill level 6 in Ice Magic
  6217 | D:5      | Reached XP level 8. HP: 40/62 MP: 13/16
  6976 | D:6      | Found a shadowy altar of Dithmenos.
  7179 | D:6      | Reached **** piety under Okawaru
  7219 | D:6      | Found a sparkling altar of Nemelex Xobeh.
  7301 | D:6      | Noticed Blork the orc
  7311 | D:6      | Killed Blork the orc
  7565 | D:7      | Reached XP level 9. HP: 42/68 MP: 18/18
  7914 | D:7      | Reached skill level 7 in Ice Magic
  8021 | D:7      | Reached ***** piety under Okawaru
  8435 | D:7      | Found a snail-covered altar of Cheibriados.
  8912 | D:8      | Reached skill level 1 in Necromancy
  9177 | D:8      | Reached skill level 5 in Conjurations
  9177 | D:8      | Reached skill level 5 in Air Magic
  9382 | D:8      | Noticed a two-headed ogre
  9400 | D:8      | Killed a two-headed ogre
  9401 | D:8      | Reached skill level 5 in Shields
 10148 | D:8      | Reached XP level 10. HP: 74/74 MP: 20/20
 10656 | D:8      | Received a gift from Okawaru
 10941 | D:9      | Found a flagged portal.
 10963 | Bailey   | Entered a bailey
 11608 | Bailey   | Reached skill level 8 in Ice Magic
 12097 | Bailey   | Noticed a gargoyle
 12114 | Bailey   | Killed a gargoyle
 12114 | Bailey   | Identified the +1 pair of boots "Myb Sati" {rElec rF+++ rC-
                  | Stlth-} (Okawaru gifted it to you in a bailey)
 12114 | Bailey   | Received a gift from Okawaru
 12210 | Bailey   | Reached skill level 5 in Necromancy
 13113 | D:9      | Noticed Psyche
 13117 | D:9      | Noticed Pikel
 13118 | D:9      | Killed Psyche
 13147 | D:9      | Killed Pikel
 13450 | D:9      | Found Kuontoe's Antique Armour Shoppe.
 13601 | D:3      | Bought the +0 buckler of Omown {MP+9 Int+3} for 403 gold
                  | pieces
 14042 | D:10     | Entered Level 10 of the Dungeon
 14074 | D:10     | Reached XP level 11. HP: 80/80 MP: 22/22
 14225 | D:10     | Found a staircase to the Lair.
 14377 | D:10     | Noticed a two-headed ogre
 14384 | D:10     | Killed a two-headed ogre
 14433 | D:10     | Found a radiant altar of Vehumet.
 14892 | D:11     | Noticed a six-headed hydra
 14899 | D:11     | Killed a six-headed hydra
 14900 | D:11     | Reached skill level 9 in Ice Magic
 15220 | D:11     | Found a staircase to the Orcish Mines.
 15282 | D:11     | Noticed a two-headed ogre
 15296 | D:11     | Killed a two-headed ogre
 15296 | D:11     | Reached ****** piety under Okawaru
 15337 | D:11     | Noticed Nergalle
 15344 | D:11     | Killed Nergalle
 15344 | D:11     | Received a gift from Okawaru
 15345 | D:11     | Reached skill level 1 in Staves
 15434 | D:11     | Reached skill level 1 in Invocations
 15720 | D:11     | Noticed a purple ugly thing
 15726 | D:11     | Killed a purple ugly thing
 16541 | D:10     | Learned a level 4 spell: Flame Wave
 16920 | D:11     | Noticed Gastronok
 16932 | D:11     | Killed Gastronok
 17524 | D:12     | Reached XP level 12. HP: 77/91 MP: 24/24
 17774 | D:12     | Noticed a seven-headed hydra
 17780 | D:12     | Killed a seven-headed hydra
 17781 | D:12     | Reached skill level 1 in Fire Magic
 17999 | D:12     | Received a gift from Okawaru
 18420 | D:13     | Noticed a tengu warrior
 18435 | D:12     | Killed a tengu warrior
 18676 | Orc:1    | Entered Level 1 of the Orcish Mines
 18756 | Orc:1    | Noticed an orc warlord
 18765 | Orc:1    | Mangled by an orc warrior

Illustrated notes

Levels and vault maps discovered:
D:1:      matt_arrival_diagonals, layout_basic,
          hellmonk_ecumenical_altar_arch_garden
D:2:      layout_rooms, hex_medium, minmay_tall_x, uniq_natasha
D:3:      layout_rooms, trog_antimagical, mainiacjoe_overflow_tiny_flanked,
          led_sif_pool, grunt_qazlal_sundering, serial_shops, shop,
          nicolae_shop_stone, shop, nicolae_diamond_shop
D:4:      layout_layer_cave, minmay_temple_entry_statues_pillars, serial_shops,
          nicolae_shop_temple_entry_statues_fountains, minmay_ogre_servants
D:5:      layout_gridville, mainiacjoe_overflow_surrounded_room,
          lemuel_round_altar, mainiacjoe_overflow_boulevard, serial_shops, shop
D:6:      layout_rooms, nemelex_altar_shiori, lemuel_doored_altar,
          hangedman_decor_push, uniq_blork_the_orc
D:7:      layout_basic, chei_slow_surprise
D:8:      layout_layer_cave, minmay_manual_mares
D:9:      layout_basic, enter_bailey_5, serial_shops, shop, uniq_pikel,
          uniq_psyche
D:10:     layout_small_grid, nicolae_vehumet_radiance, minmay_lair_entry_grove
D:11:     layout_grid_maze, erik_orc_4, uniq_gastronok, uniq_nergalle
D:12:     layout_stronghold
D:13:     layout_big_octagon, skrybe_vaults_entry_preservation, grunt_tough_drop
Orc:1:    layout_caves, serial_shops, nicolae_shop_stone, guppyfry_library_mini

Skill      XL: |  1  2  3  4  5  6  7  8  9 10 11 12 |
---------------+-------------------------------------+-----
Fighting       | 2 4 |  4.9
Ice Magic      | 3 4 5 6 7 8 9 |  9.4
Spellcasting   | 3 4 5 6 7 8 |  8.7
Conjurations   | 2 4 5 6 7 |  7.6
Air Magic      | 2 4 5 6 7 |  7.6
Shields        | 3 5 6 7 |  7.4
Necromancy     | 3 6 8 |  8.3
Dodging        | 2 |  2.0
Staves         | 2 3 |  3.4
Invocations    | 1 2 |  2.6
Evocations     | 2 |  2.8
Fire Magic     | 1 |  1.6
Stealth        | |  1.0

Action                   |  1- 3 |  4- 6 |  7- 9 | 10-12 || total
-------------------------+-------+-------+-------+-------++-------
Melee: Dagger            |     8 |       |       |       ||     8
       Tailslap          |     2 |     8 |    26 |    41 ||    77
       Whip              |     8 |    49 |       |       ||    57
       Staff             |       |     8 |   117 |   204 ||   329
Throw: Javelin           |       |       |     5 |     1 ||     6
       Dart              |       |       |     1 |       ||     1
 Cast: Freeze            |    54 |    92 |    94 |   159 ||   399
       Frozen Ramparts   |       |     8 |    29 |    76 ||   113
       Freezing Cloud    |       |       |       |    34 ||    34
       Flame Wave        |       |       |       |     8 ||     8
 Abil: Breathe Acid      |       |       |     3 |     4 ||     7
Evoke: Wand              |       |       |    14 |       ||    14
       Condenser vane    |       |       |       |     1 ||     1
  Use: Scroll            |     7 |     6 |     6 |     6 ||    25
 Stab: Sleeping          |     1 |     6 |       |     1 ||     8
Armor: Skin              |    16 |    39 |    62 |   145 ||   262
Dodge: Dodged            |    28 |    60 |    81 |   200 ||   369
Block: Buckler           |    12 |    24 |   125 |   303 ||   464
       Reflection        |       |       |     5 |    16 ||    21
